 Dungeon Crawl Stone Soup version 0.22-a0-525-gf69a080 (webtiles) character file.

409 kae the Slasher (level 6, -1/56 HPs)
             Began as a Minotaur Fighter on June 20, 2018.
             Succumbed to Edmund's poison
             ... on level 4 of the Dungeon.
             The game lasted 00:01:55 (2703 turns).

kae the Slasher (Minotaur Fighter)                  Turns: 2703, Time: 00:01:57

Health: -1/56      AC: 12    Str: 21    XL:     6   Next: 58%
Magic:  5/5        EV:  5    Int:  7    God:
Gold:   216        SH:  9    Dex:  9    Spells: 5/5 levels left

rFire    . . .     SeeInvis .   u - +0 falchion
rCold    . . .     Gourm    .   c - +0 shield
rNeg     . . .     Faith    .   v - +0 plate armour
rPois    .         Spirit   .   (helmet restricted)
rElec    .         Reflect  .   (no cloak)
rCorr    .         Harm     .   (no gloves)
MR       .....                  (no boots)
Stlth    ..........             (no amulet)
HPRegen  0.18/turn              (no ring)
MPRegen  0.09/turn              (no ring)

@: lethally poisoned (-1 -> -25), berserk cooldown, slowed, very slow
A: retaliatory headbutt, horns 2
a: no special abilities


You were on level 4 of the Dungeon.
You were very hungry.

You visited 1 branch of the dungeon, and saw 4 of its levels.
You also visited: Sewer.

You collected 216 gold pieces.

Inventory:

Hand Weapons
 a - a +1 long sword
 u - a +0 falchion (weapon)
Armour
 c - a +0 shield (worn)
 v - a +0 plate armour (worn)
Wands
 t - a wand of iceblast (8)
Scrolls
 e - 2 scrolls of remove curse
 j - 2 scrolls of fear
 l - a scroll of blinking
 m - a scroll of magic mapping
 n - 2 scrolls of enchant weapon
 p - 2 scrolls of teleportation
 r - a scroll of fog
Potions
 d - a potion of might
 g - a potion of berserk rage
 h - 5 potions of magic
 i - 2 potions of invisibility {unknown}
 k - a potion of lignification {unknown}
 o - a potion of degeneration
 s - a potion of curing {unknown}
Comestibles
 f - 10 rations


   Skills:
 + Level 5.2 Fighting
 * Level 5.6 Long Blades
 + Level 5.1 Armour
 + Level 3.0 Dodging
 - Level 3.6 Shields


You had 5 spell levels left.
You didn't know any spells.
Your spell library contained the following spells:

 Spells                   Type           Power        Failure   Level  Hunger
 Apportation              Tloc           #.....       100%        1    ##.....
 Summon Small Mammal      Summ           #...         100%        1    ##.....
 Animate Skeleton         Necr           N/A          100%        1    ##.....
 Confusing Touch          Hex            #.....       100%        1    ##.....


Dungeon Overview and Level Annotations

Branches:
Dungeon (4/15)
 Temple: D:4-7

Altars:
Dithmenos
Gozag
Nemelex Xobeh
Sif Muna


Innate Abilities, Weirdness & Mutations

You reflexively headbutt those who attack you in melee.
You have a pair of horns on your head.


Message History

There is a lethal amount of poison in your body!
It was a potion of berserk rage.
A red film seems to cover your vision as you go berserk!
You feel yourself moving faster!
You feel mighty!
* * * LOW HITPOINT WARNING * * *
You feel very sick.
You are too berserk!
There is a lethal amount of poison in your body!
You feel a strong urge to attack something.
* * * LOW HITPOINT WARNING * * *
You feel sick.
* * * LOW HITPOINT WARNING * * *
You feel sick.
You feel your anger nearly subside.
You are no longer berserk.
You are exhausted.
You feel yourself slow down.
* * * LOW HITPOINT WARNING * * *
You feel sick.
It was a potion of magic.
Magic courses through your body.
You die...

#.....# #.....#
#....# ##
##....# ##.
##.....# #..
###.....# ##
##..##.......#
#.
#..#...###...##
##. #..@.###
#....####..
#..)##
#..#...##..
#..#..
#.###......
#.###... ....
##..... #
#.........
#<.####
#...#####....##
# #.... #...#
.....# #..#
#..#


There were no monsters in sight!

Vanquished Creatures
  Edmund (D:4)
  A bullfrog skeleton (D:3)
  2 orc priests (D:3)
  An orc wizard (D:3)
  4 adders
  3 river rats (Sewer)
  2 oozes (D:3)
  2 worms (D:2)
  2 dart slugs (D:1)
  2 leopard geckos (D:3)
  7 orcs (D:3)
  A ball python (D:1)
  7 bats
  9 giant cockroaches
  5 goblins
  11 hobgoblins
  7 kobolds
  A quokka (D:3)
  8 frilled lizards
  18 rats
94 creatures vanquished.

Notes
Turn   | Place    | Note
-------+----------+-------------------------------------------
     0 | D:1      | kae the Minotaur Fighter began the quest for the Orb.
     0 | D:1      | Reached XP level 1. HP: 19/19 MP: 0/0
   137 | D:1      | Reached XP level 2. HP: 18/27 MP: 1/1
   556 | D:2      | Reached skill level 1 in Dodging
   801 | D:2      | Reached XP level 3. HP: 27/33 MP: 2/2
  1355 | D:2      | Found a sparkling altar of Nemelex Xobeh.
  1355 | D:2      | Found a deep blue altar of Sif Muna.
  1421 | D:2      | Found an opulent altar of Gozag.
  1471 | D:3      | Reached XP level 4. HP: 33/40 MP: 3/3
  1576 | D:3      | Found a glowing drain.
  1589 | Sewer    | Entered a sewer
  1615 | Sewer    | Reached XP level 5. HP: 27/47 MP: 4/4
  2097 | D:3      | Found a shadowy altar of Dithmenos.
  2236 | D:3      | Reached skill level 5 in Long Blades
  2241 | D:3      | Reached XP level 6. HP: 54/55 MP: 5/5
  2343 | D:3      | Reached skill level 5 in Fighting
  2678 | D:4      | Noticed Edmund
  2698 | D:4      | Killed Edmund
  2698 | D:4      | Reached skill level 5 in Armour
  2701 | D:4      | HP: 3/84 [poisoned by Edmund]
  2702 | D:4      | HP: 1/56 [poisoned by Edmund]
  2703 | D:4      | Succumbed to Edmund's poison

Vault maps used:
D:1:      saegor_arrival_miasma, minmay_pentomino_u2
D:2:      cheibrodos_greedy_goblins, lemuel_coloured_pillars_altar,
          gammafunk_temple_overflow_elements, first_ration
D:3:      gup_sewer_entry_pipe, dk_noncrumbling_3,
          grunt_dithmenos_smoke_and_mirrors
D:4:      grunt_temple_overflow_holy_war, ashenzari_altar_1,
          grunt_decor_arrowhead, uniq_edmund
Sewer:    sewer_co_cracked_pipes

Skill      XL: |  1  2  3  4  5  6 |
---------------+-------------------+-----
Long Blades    | 3 4 5 |  5.6
Dodging        | 1 2 3 |  3.0
Fighting       | 4 5 |  5.2
Armour         | 4 5 |  5.1
Shields        | |  3.6

Action                   |  1- 3 |  4- 6 || total
-------------------------+-------+-------++-------
Melee: Long sword        |    87 |   108 ||   195
       Headbutt          |    10 |    28 ||    38
       Falchion          |       |    30 ||    30
  Use: Scroll            |     8 |     2 ||    10
       Potion            |       |     2 ||     2
  Eat: Chunk             |     2 |     3 ||     5
Armor: Scale mail        |    35 |    45 ||    80
       Plate armour      |       |     7 ||     7
Dodge: Dodged            |    29 |    38 ||    67
Block: Shield            |    42 |    60 ||   102
       Rpst.: Long sword |     7 |    10 ||    17
       Falchion          |       |     2 ||     2

Table legend:
 A = Spawn XP
 B = Non-spawn XP
 C = Spawn XP percentage of total XP
 D = Spawn monster count
 E = Non-spawn monster count
 F = Spawn count percentage of total count
 G = Total turns spent on level
                    A         B        C        D         E        F      G
               +---------+---------+-------+---------+---------+-------+---------
         Total |       0 |     585 |   0.0 |       0 |      94 |   0.0 |  2703
               +---------+---------+-------+---------+---------+-------+---------
           D:1 |       0 |      27 |   0.0 |       0 |      13 |   0.0 |   547
           D:2 |       0 |      66 |   0.0 |       0 |      21 |   0.0 |   900
           D:3 |       0 |     254 |   0.0 |       0 |      39 |   0.0 |   721
           D:4 |       0 |     169 |   0.0 |       0 |       1 |   0.0 |    52
         Sewer |       0 |      69 |   0.0 |       0 |      20 |   0.0 |   483
               +---------+---------+-------+---------+---------+-------+---------
